 Dungeon Crawl Stone Soup version 0.28-a0-991-g956f0ee3d5 (webtiles) character file.

Game seed: 23178433961120566

10 horus123 the Twirler (level 2, 0/22 HPs)
             Began as a Demonspawn Gladiator on Dec 4, 2021.
             Was a Follower of Yredelemnul.
             Slain by a bat (1 damage)
             ... on level 1 of the Dungeon.
             The game lasted 00:00:57 (287 turns).

horus123 the Twirler (Demonspawn Gladiator)          Turns: 287, Time: 00:00:57

Health: 0/22       AC:  6    Str: 14    XL:     2   Next: 10%
Magic:  2/3        EV: 12    Int:  9    God:    Yredelemnul [*.....]
Gold:   0          SH:  0    Dex: 14    Spells: 1/1 levels left

rFire   . . .      SeeInvis .   a - +0 quarterstaff
rCold   . . .      Faith    .   (shield currently unavailable)
rNeg    . . .      Spirit   .   b - +0 leather armour
rPois   .          Reflect  .   c - +0 helmet
rElec   .          Harm     .   (no cloak)
rCorr   .          Rampage  .   (no gloves)
Will    .....                   (no boots)
Stlth   +.........              (no amulet)
HPRegen 0.07/turn               (no ring)
MPRegen 0.08/turn               (no ring)

@: no status effects
A: icy blue scales 1
a: Renounce Religion, Animate Remains


You were on level 1 of the Dungeon.
You worshipped Yredelemnul.
Yredelemnul was aware of your devotion.
You visited 1 branch of the dungeon, and saw 1 of its levels.

Inventory:

Hand Weapons
 a - a +0 quarterstaff (weapon)
Missiles
 d - 3 throwing nets (quivered)
Armour
 b - a +0 leather armour (worn)
 c - a +0 helmet (worn)


   Skills:
 - Level 2.0 Fighting
 - Level 3.0 Staves
 - Level 1.7 Throwing
 - Level 2.6 Dodging
 + Level 1.7 Invocations


You had one spell level left.
You didn't know any spells.
Your spell library was empty.

Dungeon Overview and Level Annotations

Branches:
Dungeon (1/15)

Altars:
Yredelemnul


Innate Abilities, Weirdness & Mutations

You are partially covered in icy blue scales. (AC +2)


Message History

You closely miss the giant cockroach. The giant cockroach barely misses you.
The giant cockroach bites you.
* * * LOW HITPOINT WARNING * * *
You barely miss the giant cockroach. The giant cockroach barely misses you.
You hit the giant cockroach.
The giant cockroach is heavily wounded.
The giant cockroach misses you.
You closely miss the giant cockroach.
The giant cockroach is heavily wounded.
The giant cockroach misses you.
The giant cockroach bites you but does no damage.
You hit the giant cockroach but do no damage.
The giant cockroach is heavily wounded.
The giant cockroach barely misses you.
You hit the giant cockroach but do no damage.
The giant cockroach is heavily wounded.
The giant cockroach bites you.
* * * LOW HITPOINT WARNING * * *
You hit the giant cockroach.
The giant cockroach is severely wounded.
The giant cockroach bites you but does no damage.
The giant cockroach completely misses you.
You hit the giant cockroach but do no damage.
The giant cockroach is severely wounded.
The giant cockroach misses you.
You sock the giant cockroach!
You kill the giant cockroach!
Yredelemnul accepts your kill. The bat barely misses you.
You have reached level 2!
Your demonic ancestry asserts itself...
Icy blue scales grow over part of your body.
You hit the endoplasm.
You kill the endoplasm!
Yredelemnul accepts your kill. The bat hits you.
* * * LOW HITPOINT WARNING * * *
The bat hits you.
You die...
Your body rises from the dead as a mindless zombie.

. # .. . ...#####.
...[....# ....
........+ ....
#.....#### .....
+....b@..###.....
#.....##.........
........##.........
##....####.........
#.... #.......#
#.... #.#######
#... #†### ####
#...# ###.##


You could see a bat.

Vanquished Creatures
  4 ball pythons (D:1)
  An endoplasm (D:1)
  A giant cockroach (D:1)
  2 hobgoblins (D:1)
  A frilled lizard (D:1)
9 creatures vanquished.

Notes
Turn   | Place    | Note
-------+----------+-------------------------------------------
     0 | D:1      | horus123 the Demonspawn Gladiator began the quest for the
                  | Orb.
     0 | D:1      | Reached XP level 1. HP: 16/16 MP: 1/1
    82 | D:1      | Found a faded altar of an unknown god.
    96 | D:1      | Prayed at the altar of an unknown god.
    96 | D:1      | Became a worshipper of Yredelemnul the Dark
    96 | D:1      | Reached * piety under Yredelemnul
   229 | D:1      | Reached skill level 3 in Staves
   276 | D:1      | Reached skill level 1 in Invocations
   286 | D:1      | Gained mutation: You are partially covered in icy blue
                  | scales. (AC +2) [demonic ancestry]
   286 | D:1      | Reached XP level 2. HP: 2/22 MP: 1/3
   286 | D:1      | HP: 1/22 [bat (1)]
   287 | D:1      | Slain by a bat

Illustrated notes

Levels and vault maps discovered:
D:1:      co_arrival_square_in_a_square_in_a_square, layout_basic,
          basic_ecumenical_altar, hex_large

Skill      XL: |  1 |
---------------+----+-----
Staves         | 3 |  3.0
Invocations    | 1 |  1.7
Fighting       | |  2.0
Throwing       | |  1.7
Dodging        | |  2.6

Action                   || total
-------------------------++-------
Melee: Quarterstaff      ||    33
  Use: Scroll            ||     1
Armor: Leather armour    ||     5
Dodge: Dodged            ||    25

Table legend: (Time is in decaauts)
 A = Elapsed time spent in this place.
 B = Non-inter-level travel time spent in this place.
 C = Inter-level travel time spent in this place.
 D = Time resting spent in this place.
 E = Time spent auto-exploring this place.
 F = Levels seen in this place.
 G = Mean time per level.
                   A        B        C        D        E       F      G
               +--------+--------+--------+--------+--------+-----+--------+
         Total |    291 |    291 |      0 |      0 |    225 |   1 |  291.0 |
       Dungeon |    291 |    291 |      0 |      0 |    225 |   1 |  291.0 |
               +--------+--------+--------+--------+--------+-----+--------+

Top non-repeatable levels by time:
     D:1: 291 daAuts
